Map: Overgrown Facility

Players

Throwfordays

  • Race: Protoss Protoss
  • League: Silver
  • Spawn Location: 1:00

Faust

  • Race: Zerg Zerg
  • League: Diamond
  • Spawn Location: 3:00

Finaldash

  • Race: Protoss Protoss
  • League: Diamond
  • Spawn Location: 9:00

Scrambled

  • Race: Zerg Zerg
  • League: Diamond
  • Spawn Location: 7:00

VOD

Have the link to the VOD?

Description

Time

  • Played on: Feb. 6, 2019, 3:29 p.m.
  • Length: 16:17
Show
View Real Time Build Order
Export as new Build Order

Throwfordays Protoss 

Build Orders:  

Get SALT Encoding   

  12  0:00  Probe  
  13  0:12  Probe  
  14  0:18  Pylon  
  14  0:25  Probe  
  15  0:37  Probe  
  15  0:39  Forge  
  16  0:49  Probe  
  17  0:54  Gateway  
  17  1:01  Assimilator  
  17  1:04  Probe  
  18  1:16  Probe  
  19  1:25  Pylon  
  19  1:28  Probe  
  20  1:44  Cybernetics Core  
  20  1:59  Nexus  
  20  2:08  Warp Gate  
  20  2:10  Photon Cannon  
  20  2:20  Photon Cannon  
  20  2:34  Photon Cannon  
  20  2:45  Photon Cannon  
  20  2:54  Photon Cannon  
  20  3:04  Photon Cannon  
  20  3:13  Probe  
  20  3:17  Probe  
  22  3:21  Probe  
  23  3:29  Probe x2  
  25  3:40  Probe  
  25  3:41  Probe  
  27  3:43  Assimilator  
  27  3:49  Probe  
  27  3:52  Probe  
  29  3:57  Probe  
  29  3:59  Protoss Ground Weapons Level 1  
  30  4:04  Assimilator, Probe  
  30  4:07  Probe  
  32  4:16  Assimilator, Probe  
  33  4:19  Probe  
  34  4:24  Gateway  
  34  4:28  Pylon, Probe  
  35  4:31  Probe  
  35  4:36  Pylon  
  36  4:41  Probe  
  36  4:42  Twilight Council  
  36  4:43  Probe  
  38  4:52  Gateway  
  38  4:53  Probe  
  38  4:54  Gateway  
  38  4:56  Probe  
  38  4:59  Gateway  
  40  5:05  Probe  
  41  5:08  Probe  
  41  5:11  Nexus  
  42  5:14  Pylon  
  42  5:19  Assimilator  
  42  5:20  Probe  
  42  5:22  Assimilator  
  43  5:28  Probe  
  43  5:33  Pylon  
  43  5:35  Pylon  
  44  5:38  Probe  
  44  5:39  Protoss Ground Weapons Level 2  
  45  5:45  Pylon  
  45  5:46  Stalker  
  45  5:47  Stalker  
  49  5:56  Stalker  
  49  5:57  Stalker x2  
  55  6:07  Blink  
  55  6:08  Gateway  
  55  6:23  Probe  
  56  6:25  Probe  
  56  6:30  Probe  
  58  6:35  Probe  
  58  6:38  Probe  
  58  6:39  Robotics Facility  
  60  6:42  Probe  
  61  6:47  Probe  
  61  6:48  Adept x2  
  61  6:49  Adept x2  
  61  6:50  Adept, Probe  
  73  6:59  Probe  
  74  7:02  Probe  
  75  7:11  Probe  
  75  7:14  Probe  
  77  7:33  Observer  
  76  7:40  Photon Cannon  
  76  7:42  Photon Cannon  
  66  7:45  Photon Cannon  
  66  7:48  Photon Cannon  
  66  7:51  Adept x6  
  70  7:54  Gateway  
  70  7:55  Observer  
  70  7:57  Resonating Glaives  
  79  8:04  Robotics Bay  
  79  8:13  Photon Cannon, Protoss Ground Weapons Level 3  
  79  8:17  Photon Cannon  
  79  8:20  Pylon  
  79  8:23  Adept x4  
  79  8:24  Adept x2  
  79  8:25  Pylon  
  91  8:29  Pylon  
  91  9:07  Adept x2  
  91  9:08  Adept x4  
  103  9:17  Colossus  
  109  9:45  Stalker  
  109  9:46  Stalker x5  
  89  10:09  Observer  
  83  11:27  Stalker x3  
  83  11:28  Stalker x3  
  83  11:29  Immortal  
  99  11:36  Protoss Ground Armor Level 1  
  81  12:09  Immortal  
  81  12:11  Robotics Bay  
  81  12:12  Stalker x4  
  81  12:13  Stalker x2  
  97  12:17  Pylon  
  97  12:19  Pylon  
  97  12:26  Pylon  
  97  12:30  Pylon  
  97  12:36  Forge  
  97  12:42  Photon Cannon  
  97  12:44  Photon Cannon  
  97  12:46  Robotics Facility  
  97  12:48  Robotics Facility, Immortal  
  97  12:50  Robotics Facility  
  101  13:05  Adept x6  
  75  13:31  Stalker x5  
  75  13:32  Stalker  
  87  13:38  Protoss Ground Armor Level 2  
  85  13:48  Colossus x2, Immortal x2  
  103  14:12  Charge  
  103  14:16  Nexus  
  103  14:18  Pylon  
  103  14:21  Pylon  
  103  14:27  Immortal x2  
  111  14:41  Colossus x2  
  111  14:42  Photon Cannon  
  123  14:46  Photon Cannon, Probe  
  123  14:49  Photon Cannon  
  123  14:52  Photon Cannon  
  124  14:56  Photon Cannon  
  124  14:58  Probe  
  124  14:59  Photon Cannon  
  125  15:07  Immortal x2  
  133  15:10  Probe  
  134  15:36  Assimilator  
  134  15:38  Assimilator  
Show
View Real Time Build Order
Export as new Build Order

Faust Zerg 

Build Orders: Hatch First, Lurkers 

Get SALT Encoding   

  12  0:00  Drone  
  13  0:08  Drone  
  14  0:16  Extractor  
  14  0:17  Drone  
  15  0:24  Overlord  
  15  0:42  Drone x2  
  17  0:53  Hatchery  
  16  0:58  Drone  
  16  1:01  Extractor  
  16  1:02  Drone  
  17  1:17  Spawning Pool  
  16  1:35  Drone  
  16  1:36  Drone x2  
  19  1:47  Overlord  
  19  2:03  Queen  
  19  2:04  Queen  
  19  2:05  Zergling x2  
  24  2:09  Metabolic Boost  
  24  2:13  Zergling x2  
  25  2:17  Zergling x2  
  25  2:21  Zergling x2  
  27  2:29  Baneling Nest  
  26  2:34  Overlord  
  26  2:48  Drone  
  26  2:50  Drone x3  
  30  3:04  Drone x2  
  30  3:05  Drone x2  
  34  3:23  Lair  
  34  3:26  Drone x4  
  38  3:28  Drone  
  39  3:37  Baneling x2  
  36  3:47  Drone x4  
  40  3:50  Extractor  
  40  3:51  Extractor  
  38  4:02  Drone  
  38  4:10  Hatchery  
  37  4:24  Roach Warren  
  37  4:27  Hydralisk Den  
  37  4:28  Drone x2  
  37  4:29  Drone x2, Evolution Chamber  
  37  4:31  Drone x4, Evolution Chamber  
  39  4:32  Extractor  
  39  4:33  Drone  
  39  4:35  Drone  
  42  4:42  Drone x2  
  42  4:45  Overlord  
  44  5:00  Zerg Missile Weapons Level 1  
  44  5:04  Glial Reconstitution  
  44  5:14  Drone x2  
  44  5:16  Overlord x3  
  44  5:17  Overlord x2  
  44  5:19  Drone x2  
  48  5:24  Queen  
  50  5:29  Muscular Augments  
  50  5:35  Zerg Ground Armor Level 1  
  50  5:42  Zergling x2  
  51  5:52  Overseer  
  51  5:53  Pneumatized Carapace  
  51  5:54  Drone  
  51  5:55  Drone x6  
  51  5:56  Drone  
  59  6:19  Roach  
  59  6:20  Roach x8  
  77  6:27  Burrow  
  77  6:33  Overlord x2  
  77  6:35  Overseer  
  77  6:41  Roach x5  
  77  6:44  Roach  
  88  6:56  Hydralisk x3  
  94  7:09  Hydralisk x2  
  80  7:37  Hydralisk x8  
  84  7:55  Spore Crawler, Spine Crawler, Zerg Missile Weapons Level 2  
  84  7:56  Spine Crawler  
  81  8:09  Roach x4  
  81  8:20  Roach x4  
  81  8:21  Roach x7  
  103  8:37  Overlord x2  
  103  8:43  Zerg Ground Armor Level 2  
  103  9:51  Hatchery  
  102  9:59  Overlord x3  
  102  10:00  Overlord x2  
  102  10:02  Hydralisk x2  
  102  10:03  Hydralisk  
  102  10:29  Roach  
  102  10:30  Roach x9  
  122  10:38  Tunneling Claws  
  122  10:40  Infestation Pit, Grooved Spines  
  121  10:43  Lurker Den  
  121  10:49  Drone x2  
  122  10:55  Spore Crawler, Roach x7  
  121  10:58  Spine Crawler  
  121  10:59  Spine Crawler  
  96  11:25  Drone  
  96  11:26  Drone x4  
  98  11:33  Hydralisk x3  
  98  11:34  Hydralisk x2  
  112  11:40  Roach x4  
  112  11:42  Extractor  
  112  11:43  Extractor  
  112  11:45  Hive  
  92  12:07  Roach  
  92  12:08  Roach x6, Hydralisk x2  
  106  12:09  Hydralisk x5  
  120  12:19  Hatchery  
  119  12:25  Drone x3  
  119  12:26  Drone  
  119  12:27  Spore Crawler  
  122  12:38  Hydralisk x2  
  122  12:39  Hydralisk  
  128  12:49  Lurker x4  
  128  12:50  Lurker x3  
  137  12:51  Lurker x2  
  137  12:53  Overlord  
  129  13:05  Roach  
  129  13:06  Roach x7  
  137  13:31  Zergling x2  
  137  13:32  Zergling x16  
  92  13:50  Roach x2  
  92  13:51  Roach  
  93  14:32  Roach  
  93  14:33  Roach x8  
  111  14:54  Hydralisk x3  
  117  15:13  Hatchery  
  71  15:45  Extractor  
  71  15:46  Drone x3  
  71  15:47  Drone x3  
  71  15:48  Extractor  
  75  16:14  Ravager x2  
  75  16:15  Ravager x7  
Show
View Real Time Build Order
Export as new Build Order

Finaldash Protoss 

Build Orders: Zealot Archon, Dark Templar Rush 

Get SALT Encoding   

  12  0:01  Probe  
  13  0:13  Probe  
  14  0:21  Pylon  
  14  0:25  Probe  
  15  0:38  Probe  
  16  0:42  Gateway  
  16  0:46  Assimilator, Probe  
  16  0:54  Probe  
  17  1:03  Probe  
  18  1:11  Probe  
  19  1:15  Assimilator  
  20  1:19  Probe  
  21  1:31  Probe  
  21  1:32  Cybernetics Core  
  22  1:35  Forge  
  22  1:44  Probe  
  23  1:47  Protoss Ground Weapons Level 1  
  23  1:48  Pylon  
  23  2:12  Twilight Council  
  23  2:14  Warp Gate  
  23  2:33  Nexus  
  23  2:39  Stalker  
  26  2:44  Probe  
  26  2:50  Charge  
  26  2:56  Probe  
  27  3:08  Probe  
  28  3:21  Gateway  
  28  3:22  Gateway  
  28  3:24  Gateway  
  28  3:33  Zealot  
  28  3:36  Probe  
  28  3:37  Dark Shrine  
  29  3:46  Protoss Ground Armor Level 1, Probe  
  31  3:50  Probe  
  33  4:00  Pylon, Probe  
  33  4:04  Probe  
  35  4:11  Probe  
  35  4:16  Probe  
  37  4:19  Probe  
  37  4:20  Assimilator  
  38  4:27  Probe  
  38  4:28  Probe  
  39  4:36  Gateway  
  40  4:40  Probe  
  40  4:42  Gateway  
  40  4:45  Gateway  
  41  4:48  Zealot  
  41  4:50  Probe  
  43  4:53  Probe  
  43  4:59  Probe  
  45  5:05  Probe  
  47  5:07  Probe  
  47  5:12  Dark Templar x3  
  54  5:24  Pylon  
  54  5:27  Pylon  
  54  5:30  Pylon  
  54  5:33  Pylon  
  54  5:36  Shadow Stride  
  54  5:44  Dark Templar x2  
  54  5:49  Dark Templar  
  60  5:53  Assimilator  
  60  5:55  Zealot x2  
  60  5:56  Zealot  
  66  6:13  Probe x2  
  68  6:28  Zealot x4  
  68  6:29  Zealot x3  
  82  6:51  Archon x3  
  82  6:54  Dark Templar x2  
  86  7:03  Pylon  
  70  7:26  Zealot x2  
  70  7:27  Dark Templar x4  
  70  7:28  Dark Templar  
  64  7:52  Archon  
  64  7:53  Archon x2  
  64  7:55  Dark Templar  
  64  7:56  Dark Templar  
  64  7:58  Probe x2  
  70  8:09  Archon  
  70  8:10  Probe x2  
  70  8:11  Nexus, Dark Templar x2  
  76  8:13  Pylon  
  76  8:15  Dark Templar  
  76  8:16  Pylon  
  76  8:19  Pylon, Zealot x2  
  82  8:22  Probe x2  
  84  8:27  Archon  
  84  8:33  Zealot x2  
  88  8:34  Probe x2  
  90  8:43  Pylon, Dark Templar  
  90  8:44  Dark Templar  
  90  8:46  Probe x2  
  96  8:52  Protoss Ground Armor Level 2  
  96  8:58  Probe x2  
  96  9:01  Shield Battery  
  91  9:10  Probe  
  91  9:11  Probe  
  91  9:16  Archon  
  93  9:26  Zealot x3  
  93  9:27  Zealot x4  
  93  9:29  Probe x3  
  88  10:13  Probe x2  
  76  10:18  Assimilator  
  62  10:22  Assimilator  
  62  10:23  Probe  
  62  10:25  Probe x2  
  62  10:26  Robotics Facility  
  62  10:27  Robotics Facility  
  65  10:29  Robotics Facility  
  65  10:32  Robotics Facility  
  65  10:35  Probe  
  65  10:36  Dark Templar, Robotics Facility  
  65  10:37  Dark Templar, Probe  
  71  10:44  Zealot x3  
  71  10:45  Zealot x2  
  77  11:05  Zealot x4, Immortal  
  77  11:06  Immortal x2  
  77  11:08  Protoss Ground Weapons Level 2  
  85  11:13  Immortal  
  97  11:22  Zealot x4  
  109  11:27  Observer  
  109  11:32  Robotics Bay  
  100  11:44  Zealot  
  102  12:17  Extended Thermal Lance  
  102  12:19  Nexus  
  102  12:24  Nexus  
  102  12:28  Pylon x2  
  102  12:30  Pylon  
  102  12:31  Pylon  
  102  12:32  Pylon  
  102  12:41  Colossus  
  102  12:42  Observer  
  102  12:47  Colossus  
  103  12:52  Colossus  
  103  12:56  Assimilator  
  121  13:06  Colossus  
  127  13:14  Colossus  
  133  13:35  Dark Templar x2  
  133  13:37  Dark Templar  
  139  13:42  Dark Templar  
  139  13:47  Probe  
  139  13:48  Probe x3  
  144  13:49  Colossus  
  144  13:53  Gravitic Boosters  
  145  13:58  Colossus  
  145  13:59  Probe  
  145  14:01  Archon  
  145  14:02  Archon  
  152  14:04  Colossus  
  164  14:18  Observer x2  
  164  14:20  Probe x3  
  164  14:21  Probe  
  170  14:24  Assimilator  
  170  14:28  Assimilator  
  170  14:32  Probe  
  170  14:33  Pylon  
  170  14:35  Pylon  
  171  14:43  Gateway  
  171  14:46  Gateway  
  171  14:50  Gateway  
  171  14:52  Dark Templar  
  171  14:53  Dark Templar  
  175  15:19  Dark Templar x2  
  179  15:23  Archon  
  179  15:27  Nexus, Pylon  
  179  15:29  Pylon  
  151  16:01  Dark Templar x7  
Show
View Real Time Build Order
Export as new Build Order

Scrambled Zerg 

Build Orders: Hatch First, Roach Hydra 

Get SALT Encoding   

  12  0:01  Drone  
  13  0:08  Drone  
  14  0:22  Overlord  
  14  0:44  Drone x3  
  17  1:00  Drone  
  17  1:02  Extractor  
  17  1:03  Hatchery  
  16  1:06  Drone  
  17  1:18  Spawning Pool  
  16  1:34  Drone  
  16  1:35  Drone  
  18  2:05  Zergling x6  
  21  2:10  Metabolic Boost  
  21  2:14  Queen  
  21  2:15  Queen  
  23  2:18  Zergling x4  
  27  2:24  Baneling Nest  
  26  2:42  Zergling x4  
  28  2:50  Overlord x2  
  26  3:05  Drone  
  26  3:10  Overlord  
  26  3:11  Drone  
  26  3:12  Drone x2  
  30  3:16  Baneling x2  
  30  3:22  Drone x2  
  30  3:24  Overlord  
  32  3:30  Drone  
  32  3:31  Drone  
  34  3:36  Drone  
  35  3:46  Drone x3  
  35  3:47  Drone  
  39  3:58  Drone x4  
  39  4:02  Zergling x4  
  41  4:06  Zergling x2  
  42  4:15  Zergling x4  
  44  4:20  Zergling x6  
  47  4:27  Drone x2  
  49  4:47  Drone  
  49  4:48  Drone x2  
  52  4:56  Lair  
  52  5:00  Extractor, Overlord x2  
  52  5:01  Overlord x2  
  52  5:06  Hatchery  
  50  5:08  Extractor  
  50  5:10  Extractor  
  48  5:17  Drone  
  48  5:18  Drone x2  
  51  5:28  Evolution Chamber x2  
  49  5:33  Drone x3  
  49  5:34  Drone  
  53  5:44  Drone  
  53  5:45  Drone x3  
  57  5:57  Drone, Hydralisk Den  
  57  5:58  Drone x4  
  57  5:59  Roach Warren  
  57  6:00  Zerg Missile Weapons Level 1  
  57  6:01  Zerg Ground Armor Level 1  
  60  6:09  Drone x3  
  60  6:10  Drone x2  
  65  6:28  Hydralisk x2  
  69  6:33  Queen  
  69  6:35  Hatchery  
  69  6:37  Grooved Spines  
  69  6:39  Glial Reconstitution  
  70  6:43  Roach  
  70  6:44  Roach  
  70  6:46  Drone  
  75  6:49  Drone  
  75  6:50  Drone  
  75  6:53  Extractor  
  75  6:54  Overlord  
  76  6:55  Extractor, Drone  
  76  6:57  Drone  
  76  6:58  Drone  
  76  6:59  Drone  
  79  7:01  Drone  
  79  7:02  Drone  
  79  7:05  Drone  
  79  7:06  Drone  
  79  7:07  Drone  
  84  7:22  Hydralisk  
  86  7:23  Roach x3, Hydralisk x2  
  87  7:45  Roach, Hydralisk x2  
  87  7:46  Roach x2  
  95  7:55  Drone x2  
  95  7:56  Drone x3  
  100  7:58  Zerg Ground Armor Level 2, Zerg Missile Weapons Level 2  
  100  8:06  Muscular Augments  
  100  8:08  Hydralisk  
  100  8:09  Roach  
  104  8:12  Overlord  
  104  8:13  Overlord x4  
  104  8:14  Overseer  
  104  8:31  Ravager  
  105  8:34  Roach, Hydralisk x3  
  105  8:35  Roach x3, Hydralisk x2  
  105  8:36  Roach  
  105  8:40  Ravager x2  
  127  8:46  Hydralisk  
  127  8:47  Roach x2  
  133  9:19  Roach  
  135  9:27  Overlord x5  
  121  9:55  Hydralisk x2  
  121  9:56  Roach x3, Hydralisk  
  112  10:06  Roach, Hydralisk  
  112  10:07  Roach x2, Hydralisk x5  
  102  10:08  Roach x5, Hydralisk  
  102  10:13  Roach, Hydralisk  
  126  10:18  Roach, Hydralisk  
  124  10:36  Infestation Pit  
  124  10:39  Roach, Hydralisk x4  
  124  10:40  Roach x4, Hydralisk  
  143  10:48  Hydralisk  
  143  10:49  Roach  
  147  11:01  Hydralisk  
  147  11:02  Roach x3, Hydralisk x5  
  147  11:03  Roach x3  
  155  11:11  Roach x2, Hydralisk x2  
  143  11:12  Roach  
  143  11:14  Roach  
  149  11:20  Hydralisk  
  149  11:21  Roach  
  153  11:32  Hydralisk  
  153  11:33  Roach x3, Hydralisk x4  
  153  11:34  Roach x2  
  161  11:48  Roach, Hydralisk x3  
  161  11:49  Roach x3  
  159  11:56  Hydralisk x2  
  159  11:57  Roach x3  
  165  12:02  Extractor x2  
  165  12:04  Roach, Hydralisk  
  165  12:05  Roach x2  
  171  12:16  Overlord  
  171  12:17  Overlord x6  
  171  12:19  Hydralisk  
  171  12:20  Roach  
  175  12:35  Hive  
  174  12:43  Roach, Hydralisk x3  
  174  12:44  Roach x4, Hydralisk x2  
  184  12:45  Roach x2  
  198  13:05  Roach  
  186  13:25  Hydralisk x2  
  186  13:26  Roach x4, Hydralisk x5  
  186  13:27  Roach x4, Hydralisk  
  192  13:32  Roach, Hydralisk x2  
  192  13:33  Roach  
  186  13:40  Hydralisk  
  186  13:41  Roach x4  
  158  13:50  Hydralisk x2  
  158  13:51  Roach x2  
  158  13:52  Roach  
  154  13:56  Roach x2  
  158  14:12  Hydralisk  
  158  14:13  Roach x3, Hydralisk x3  
  158  14:14  Roach  
  158  14:16  Zergling x2  
  158  14:17  Zergling x10  
  120  14:24  Hatchery  
  120  14:29  Overseer x2  
  113  14:33  Roach, Hydralisk x3  
  113  14:34  Roach x3  
  113  14:35  Zergling x2  
  113  14:36  Zergling x6  
  131  14:52  Zergling x6  
  134  14:53  Zergling x8  
  134  14:55  Zergling x2  
  134  14:56  Zergling x8  
  143  15:01  Zergling x4  
  143  15:02  Zergling x2  
  143  15:04  Roach  
  148  15:17  Zergling x2  
  148  15:18  Zergling x4, Hydralisk  
  148  15:19  Roach x2  
  156  15:32  Roach, Hydralisk x2  
  156  15:33  Roach  
  139  15:44  Roach, Hydralisk  
  139  15:45  Roach x2  
  139  15:46  Zergling x2  
  124  15:53  Roach  
  124  15:54  Zergling x2, Roach  
Tags
 
Add a new tag
Caveats
  • Supply blocks, unpowered buildings, or Contaminate may cause inaccurate times.
  • Supply counts are checked every 10 seconds.